 Dungeon Crawl Stone Soup version 0.18-a0-1526-gcb34c7c (webtiles) character file.

154 dvd the Chiller (level 5, -1/31 HPs)
             Began as an Octopode Ice Elementalist on Mar 8, 2016.
             Slain by FrancescoMac's ghost (5 damage)
             ... on level 3 of the Dungeon.
             The game lasted 00:11:59 (5232 turns).

dvd the Chiller (Octopode Ice Elementalist)         Turns: 5232, Time: 00:11:59

Health: -1/31      AC:  6    Str:  7    XL:     5   Next: 35%
Magic:  10/18      EV: 12    Int: 18    God:
Gold:   172        SH:  0    Dex: 13    Spells: 2 memorised, 5 levels left

rFire  . . .     SeeInvis .     j - +2 short sword (speed)
rCold  . . .     Gourm    .     (no shield)
rNeg   . . .     Faith    .     (helmet restricted)
rPois  .         Spirit   .     (no amulet)
rElec  .         Dismiss  .     i - ring of magical power
rCorr  .         Reflect  .     r - ring of teleportation (curse)
SustAt .         Harm     .     (no ring)
MR     .....     Rnd*Tele +     (no ring)
Stlth  +++.......               (no ring)
                                (no ring)
                                (no ring)
                                (no ring)

@: icy armour, slow, not resistant to hostile enchantments, fairly stealthy
A: almost no armour, amphibious, 8 rings, constrict 8, camouflage 1, gelatinous
body 1
a: no special abilities


You were on level 3 of the Dungeon.
You were hungry.

You visited 1 branch of the dungeon, and saw 3 of its levels.

You collected 172 gold pieces.

Inventory:

Hand Weapons
 d - a +0 dagger
 g - a +0 halberd
 j - a +2 short sword of speed (weapon)
Jewellery
 i - a ring of magical power (left tentacle)
 r - a cursed ring of teleportation (right tentacle)
Scrolls
 e - a scroll of identify
 f - 2 scrolls of teleportation
Potions
 c - 2 potions of flight {unknown}
 k - 2 potions of mutation {unknown}
 l - a potion of curing {unknown}
 q - a potion of heal wounds
Books
 a - a book of Frost

   Spells                             Type                      Level
   a - Freeze                         Ice                          1
   b - Throw Frost                    Conjuration/Ice              2
   c - Ozocubu's Armour               Charms/Ice                   3
   d - Throw Icicle                   Conjuration/Ice              4
   e - Summon Ice Beast               Ice/Summoning                4
Comestibles
 b - 3 bread rations
 h - a beef jerky


   Skills:
 + Level 0.2 Short Blades
 + Level 2.3 Dodging
 + Level 3.3 Stealth
 + Level 3.2 Spellcasting
 + Level 1.4 Conjurations
 + Level 0.6 Charms
 + Level 4.4 Ice Magic


You had 5 spell levels left.
You knew the following spells:

 Your Spells              Type           Power        Failure   Level  Hunger
b - Throw Frost           Conj/Ice       ##....       10%         2    ##.....
c - Ozocubu's Armour      Chrm/Ice       ##......     21%         3    ###....


Dungeon Overview and Level Annotations

Branches:
Dungeon (3/15)

Altars:

Annotations:
D:3 FrancescoMac's ghost, amateur DsGl


Innate Abilities, Weirdness & Mutations

You cannot wear most types of armour.
You are amphibious.
You can wear up to eight rings at the same time.
You can use your tentacles to constrict eight enemies at once.
Your skin changes colour to match your surroundings (Stealth).
Your rubbery body absorbs attacks (AC +1).


Message History

FrancescoMac's ghost is moderately damaged.
FrancescoMac's ghost closely misses you.
Casting: Throw Frost
Confirm with . or Enter, or press ? or * to list all spells.
Aiming: Throw Frost
Press: ? - help, Shift-Dir - straight line, f/p - FrancescoMac's ghost
Aim: FrancescoMac's ghost (moderately damaged)
The puff of frost hits FrancescoMac's ghost.
FrancescoMac's ghost appears unharmed.
FrancescoMac's ghost is moderately damaged.
FrancescoMac's ghost barely misses you.
There is an open door here.
FrancescoMac's ghost screams, "To die, to sleep, no more."
FrancescoMac's ghost hits you.
FrancescoMac's ghost whispers, "There is no future for you."
FrancescoMac's ghost shrieks, "You will never get the ORB!"
FrancescoMac's ghost hits you!
* * * LOW HITPOINT WARNING * * *
FrancescoMac's ghost hits you.
You die...

.....#.#.# #....................
.....#.#.# #.....<..[...........
#..#.#.#.# ####'#..(............
##.#.#.#.# #.#.#.............
##.#.#.#.##### #.#.............##
.#...#.#.....###.################
.+.............................>.
.##..#.#....[.##.#.....##...##.##
...#.#.#......##@#.....##...##.#
.#.#.#.#......##W#.....#######.#
.#.#.#.#......##.#.....##......##
...#...#......##.#.....##........
.###.............#.....##......##
......#######.####.....##......#
.......................##......#
.....#..#####.######'####......#
........# #.# #.# #......#


You could see FrancescoMac's ghost.

Vanquished Creatures
  Jessica (D:3)
  A gnoll (D:1)
  4 adders
  A worm (D:3)
  4 dart slugs
  3 giant geckos (D:1)
  4 orcs
  A ball python (D:1)
  3 giant cockroaches
  8 goblins
  5 hobgoblins
  2 jackals (D:2)
  A quokka (D:2)
  6 bats
  3 giant newts (D:1)
  7 kobolds
  12 rats
66 creatures vanquished.

Notes
Turn   | Place    | Note
--------------------------------------------------------------
     0 | D:1      | dvd the Octopode Ice Elementalist began the quest for the Orb.
     0 | D:1      | Reached XP level 1. HP: 11/11 MP: 3/3
   414 | D:1      | Reached XP level 2. HP: 15/17 MP: 3/5
   470 | D:1      | Learned a level 2 spell: Throw Frost
   783 | D:1      | Reached XP level 3. HP: 21/21 MP: 1/6
   788 | D:1      | Learned a level 3 spell: Ozocubu's Armour
  1672 | D:2      | Reached XP level 4. HP: 27/27 MP: 6/8
  2830 | D:3      | Reached skill level 4 in Ice Magic
  3071 | D:3      | Noticed FrancescoMac's ghost (amateur DsGl)
  3874 | D:3      | Reached XP level 5. HP: 31/31 MP: 9/9
  3887 | D:3      | Noticed Jessica
  3951 | D:3      | Killed Jessica
  5232 | D:3      | Slain by FrancescoMac's ghost

Vault maps used:
D:1:      dpeg_arrival_line_fractal
D:2:      nicolae_overflow_hidden_temple
D:3:      serial_glass, glass_columns_a, glass_columns_a, uniq_jessica

Skill      XL: |  1  2  3  4 |
---------------+-------------+-----
Stealth        | 3 |  3.3
Ice Magic      | 4 |  4.4
Spellcasting   | 3 |  3.2
Short Blades   | |  0.2
Dodging        | |  2.3
Conjurations   | |  1.4
Charms         | |  0.6

Action                   |  1- 3 |  4- 6 || total
-------------------------+-------+-------++-------
Melee: Dagger            |    20 |    13 ||    33
       Unarmed           |     2 |       ||     2
       Short sword       |       |    11 ||    11
 Cast: Freeze            |    28 |     8 ||    36
       Throw Frost       |    14 |    69 ||    83
       Ozocubu's Armour  |     5 |    14 ||    19
  Use: Scroll            |       |     6 ||     6
 Stab: Sleeping          |     4 |     1 ||     5
  Eat: Chunk             |     4 |     9 ||    13
       Pizza             |       |     1 ||     1
       Meat ration       |       |     1 ||     1
